 Dungeon Crawl Stone Soup version 0.28-a0-816-gb054d885db (webtiles) character file.

Game seed: 310440851541800839

161 Armakuni the Conjurer (level 5, 0/35 HPs)
             Began as a Human Conjurer on Nov 8, 2021.
             Was an Initiate of Gozag.
             Slain by Pikel (4 damage)
             ... on level 4 of the Dungeon.
             The game lasted 00:08:02 (5217 turns).

Armakuni the Conjurer (Human Conjurer)              Turns: 5217, Time: 00:08:02

Health: 0/35       AC:  3    Str:  8    XL:     5   Next: 70%
Magic:  10/10      EV: 11    Int: 19    God:    Gozag
Gold:   104        SH:  0    Dex: 11    Spells: 4/11 levels left

rFire   . . .      SeeInvis .   b - +2 dagger (venom)
rCold   . . .      Faith    .   (no shield)
rNeg    . . .      Spirit   .   e - +0 leather armour
rPois   .          Reflect  .   (no helmet)
rElec   .          Harm     .   (no cloak)
rCorr   .          Rampage  .   (no gloves)
Will    .....                   (no boots)
Stlth   ++........              M - amulet of magic regeneration
HPRegen 0.11/turn               (no ring)
MPRegen 0.37/turn               (no ring)

@: brilliant
A: no striking features
a: Renounce Religion, Potion Petition, Call Merchant, Bribe Branch


You were on level 4 of the Dungeon.
You worshipped Gozag.
Gozag was aware of your devotion.
You visited 2 branches of the dungeon, and saw 6 of its levels.

You collected 174 gold pieces.
You paid 70 gold pieces to Gozag.

Inventory:

Hand Weapons
 a - the +6 falchion of the Eleven Beggars {vorpal, rN+ Str-2 Int+6}
   (You found it on level 4 of the Dungeon)

   It inflicts extra damage upon your enemies.
   Str:       It affects your strength (-2).
   Int:       It affects your intelligence (+6).
   rN:        It protects you from negative energy.
 b - a +2 dagger of venom (weapon)
Armour
 e - a +0 leather armour (worn)
 h - a +0 ring mail
 o - a +0 chain mail of cold resistance
Jewellery
 M - an amulet of magic regeneration (around neck)
Scrolls
 f - a scroll of fog
 l - a scroll of noise
Potions
 d - a potion of flight
 i - 3 potions of magic


   Skills:
 - Level 2.0 Dodging
 - Level 2.0 Stealth
 + Level 3.8 Spellcasting
 + Level 5.4 Conjurations


You had 4 spell levels left.
You knew the following spells:

 Your Spells              Type           Power      Damage    Failure   Level
a - Magic Dart            Conj           100%       1d8       2%          1
m - Iskenderun's Mystic   Conj/Tloc      20%        2d6       56%         4
z - Searing Ray           Conj           72%        2d7       3%          2

Your spell library contained the following spells:

 Spells                   Type           Power      Damage    Failure   Level
 Dazzling Flash           Conj/Hex       40%        N/A       21%         3
 Fulminant Prism          Conj/Hex       10%        3d9       56%         4


Dungeon Overview and Level Annotations

Branches:
Dungeon (5/15)             Temple (1/1) D:4

Altars:
Ashenzari
Cheibriados
Dithmenos
Elyvilon
Gozag
Kikubaaqudgha
Okawaru
Qazlal
Sif Muna
Uskayaw
Vehumet
Zin

Annotations:
D:4 Pikel


Message History

You see here a +0 robe.
Drop what? 13/52 slots (_ for help) (? for menu, Esc to quit)
You drop a potion of degeneration.
There is a stone staircase leading down here.
Okay, then.
Okay, then.
Unknown command.
You climb downwards.
Level annotation: Pikel
There is a stone staircase leading up here.
Pikel hits you with a +2 whip of flaming!
Pikel burns you.
You climb upwards.
There is a stone staircase leading down here.
Press: ? - help, v - describe, . - travel
Here: Pikel, wielding a +2 whip of flaming and wearing a +0 robe The floor.
Things that are here:
a potion of degeneration; a +0 robe It was a potion of brilliance.
You feel clever all of a sudden.
Pikel hits you with a +2 whip of flaming!
Pikel burns you.
It was a potion of curing.
You feel better.
Pikel hits you with a +2 whip of flaming!
Pikel burns you.
You aren't carrying any items that you can evoke.
Okay, then.
Okay, then.
Unknown command.
Unknown command.
Your +2 dagger of venom begins to drip with poison!
b - a +2 dagger of venom (weapon)
Pikel barely misses you.
You hit Pikel but do no damage.
Pikel hits you with a +2 whip of flaming!
* * * LOW HITPOINT WARNING * * *
Pikel burns you.
You die...
Your body crumbles into a pile of gold.

###.....###.........####.........
##....# #.###.##..# ##.......#
#....# #.# #.###.# ##.....##
#.#### #.# #.###.## ##...## #.#
#.# #....#.# ##+## #.# #.#
#####.## #.# #.# #.# #.# #.# #.#
#.#######.# ##.## ## #.#
#.>!.K@...# ##...### .# #.#
#########.# ###....... .# #.# #.#
#......### .###.# #.####.....#...
.....# #......<..##.## .#####
#######..)...## ## ###......
#######


You could see Pikel.

Vanquished Creatures
  A lemure (D:4)
  An iguana (D:4)
  Terence (D:3)
  A gnoll (D:2)
  An adder (D:3)
  An ufetubus (D:4)
  2 worms
  3 dart slugs (D:1)
  3 orcs (D:3)
  5 bats
  3 endoplasms
  7 giant cockroaches
  6 goblins
  6 hobgoblins
  3 jackals
  6 quokkas
  4 ball pythons
  3 frilled lizards
  5 kobolds
  7 rats
69 creatures vanquished.

Notes
Turn   | Place    | Note
-------+----------+-------------------------------------------
     0 | D:1      | Armakuni the Human Conjurer began the quest for the Orb.
     0 | D:1      | Reached XP level 1. HP: 13/13 MP: 3/3
   165 | D:1      | Reached XP level 2. HP: 12/19 MP: 0/5
   761 | D:1      | Reached XP level 3. HP: 24/24 MP: 4/6
  1022 | D:1      | Learned a level 2 spell: Searing Ray
  2157 | D:2      | Reached XP level 4. HP: 22/30 MP: 6/8
  2795 | D:3      | Reached skill level 5 in Conjurations
  3052 | D:3      | Noticed Terence
  3070 | D:3      | Killed Terence
  3071 | D:3      | Reached XP level 5. HP: 16/35 MP: 6/10
  3292 | D:3      | Learned a level 4 spell: Iskenderun's Mystic Blast
  4127 | D:4      | Identified the +6 falchion of the Eleven Beggars {vorpal,
                  | rN+ Str-2 Int+6}
  4408 | D:4      | Found a glowing silver altar of Zin.
  4533 | D:4      | Found a staircase to the Ecumenical Temple.
  4538 | Temple   | Entered the Ecumenical Temple
  4750 | Temple   | Became a worshipper of Gozag Ym Sagoz the Greedy
  4955 | D:5      | Entered Level 5 of the Dungeon
  4955 | D:5      | Noticed a troll
  5015 | D:5      | Noticed a lemure
  5016 | D:5      | Noticed Pikel
  5016 | D:5      | Noticed a lemure
  5016 | D:5      | Noticed a lemure
  5018 | D:5      | Noticed a lemure
  5029 | D:4      | Killed a lemure
  5217 | D:4      | Slain by Pikel

Illustrated notes

Levels and vault maps discovered:
D:1:      minmay_arrival_diagonal_passages, layout_basic,
          minmay_indecisive_spiral
D:2:      layout_rooms, chequers_serial_rivers_micro_a, kennysheep_cross_room,
          kennysheep_path_1, kennysheep_generic_room_16
D:3:      layout_loops_ring, amethyst_killhole, uniq_terence
D:4:      layout_loops_corners, zin_treasury, minmay_temple_entry_nine_rooms,
          kennysheep_generic_room_3
D:5:      layout_cave_pools, regret_index_temple_of_mockery, serial_shops,
          nicolae_shop_behind_doors, uniq_blork_the_orc, uniq_pikel
Temple:   minmay_temple_curvy_loop

Skill      XL: |  1  2  3  4 |
---------------+-------------+-----
Spellcasting   | 3 |  3.8
Conjurations   | 5 |  5.4
Dodging        | |  2.0
Stealth        | |  2.0

Action                   |  1- 3 |  4- 6 || total
-------------------------+-------+-------++-------
Melee: Whip              |     9 |       ||     9
       Dagger            |     6 |    58 ||    64
       Short sword       |     1 |       ||     1
       Falchion          |       |     7 ||     7
 Cast: Magic Dart        |    76 |    13 ||    89
       Searing Ray       |       |     7 ||     7
  Use: Scroll            |     2 |     7 ||     9
       Potion            |       |     2 ||     2
 Stab: Sleeping          |     1 |     3 ||     4
Armor: Robe              |     3 |     8 ||    11
Dodge: Dodged            |    12 |    38 ||    50

Table legend: (Time is in decaauts)
 A = Elapsed time spent in this place.
 B = Non-inter-level travel time spent in this place.
 C = Inter-level travel time spent in this place.
 D = Time resting spent in this place.
 E = Time spent auto-exploring this place.
 F = Levels seen in this place.
 G = Mean time per level.
                   A        B        C        D        E       F      G
               +--------+--------+--------+--------+--------+-----+--------+
         Total |   5220 |   4982 |    238 |   1076 |   3251 |   6 |  870.0 |
       Dungeon |   4979 |   4769 |    210 |   1076 |   3055 |   5 |  995.8 |
        Temple |    241 |    213 |     28 |      0 |    196 |   1 |  241.0 |
               +--------+--------+--------+--------+--------+-----+--------+

Top non-repeatable levels by time:
     D:1: 1663 daAuts
     D:4: 1359 daAuts
     D:3: 1133 daAuts
     D:2: 807 daAuts
  Temple: 241 daAuts
     D:5: 15 daAuts
